 Dungeon Sprint DCSS version 0.31.0-11-ge490571c62 (webtiles) character file.

Game seed: 5387691960080552525

126 Amaterasu the Cudgeller (level 4, -1/50 HPs)
             Began as a Troll Warper on Jan 28, 2024.
             Slain by an orc
             ... wielding a +0 trident
              (8 damage)
             ... in the Dungeon (Sprint IX: "|||||||||||||||||||||||||||||").
             The game lasted 00:00:20 (43 turns).

Amaterasu the Cudgeller (Troll Warper)                Turns: 43, Time: 00:00:20

Health: -1/50      AC:  4    Str: 21    XL:     4   Next: 83%
Magic:  4/4        EV:  9    Int:  9    God:
Gold:   0          SH:  0    Dex:  9    Spells: 5/5 levels left

rFire   . . .        a - +0 mace
rCold   . . .        (no shield)
rNeg    . . .        b - +0 robe
rPois   .            (helmet restricted)
rElec   .            (no cloak)
rCorr   .            (gloves unavailable)
SInv    .            (boots unavailable)
Will    .....        (no amulet)
Stlth   +            (no ring)
HPRegen 1.08/turn    (no ring)
MPRegen 0.09/turn

%: no teleportation
@: on berserk cooldown, slowed, very slow
A: large, unfitting armour, claws 3, regeneration 1, shaggy fur 1, tough skin 1
a: no special abilities


You were in the Dungeon.
You visited 1 branch

Inventory:

Hand Weapons
 a - a +0 mace (weapon)
Missiles
 d - 7 darts of dispersal (quivered)
Armour
 b - a +0 robe (worn)
Scrolls
 c - 2 scrolls of blinking
Potions
 e - a potion of curing
 f - a potion of heal wounds
 g - a potion of haste
 h - 2 potions of magic


   Skills:
 * Level 5.1 Fighting
 * Level 7.2 Maces & Flails
 - Level 0.8 Throwing
 - Level 1.9 Dodging
 - Level 1.2 Spellcasting
 - Level 2.1 Translocations


You had 5 spell levels left.
You didn't know any spells.
Your spell library contained the following spells:

 Spells                   Type           Power      Damage    Failure   Level
 Blink                    Tloc           8%         N/A       22%         2
 Lesser Beckoning         Tloc           8%         N/A       22%         2
 Teleport Other           Tloc           4%         N/A       41%         3
 Manifold Assault         Tloc           4%         N/A       82%         4
 Vhi's Electric Charge    Tloc/Air       4%         N/A       93%         4


Dungeon Overview and Level Annotations

Branches:
Dungeon (1/1)

Altars:


Innate Abilities, Weirdness & Mutations

You are too large for most types of armour.
You have claws for hands.
Your natural rate of healing is unusually fast.
You are covered in fur. (AC +1)
You have tough skin. (AC +1)


Message History

You kill the iguana!
Your Fighting skill increases to level 5!
Your Maces & Flails skill increases to level 7!
You closely miss the orc. The orc closely misses you.
You closely miss the orc. You hit the orc.
The orc is lightly wounded.
The orc hits you with a +0 whip.
You barely miss the orc.
The orc is lightly wounded.
The orc hits you with a +0 whip.
You barely miss the orc.
The orc is lightly wounded.
You hit the orc.
The orc is almost dead.
The orc hits you with a +0 whip.
You barely miss the orc.
The orc is almost dead.
The orc hits you but does no damage.
You thump the orc!
You kill the orc!
The ogre hits you with a +0 giant spiked club!!
* * * LOW HITPOINT WARNING * * *
The orc hits you from afar with a +0 trident.
* * * LOW HITPOINT WARNING * * *
There is an open door, spattered with blood here.
Items here: ) [ ††.
You hit the ogre.
The ogre is lightly wounded.
You are no longer berserk.
You are exhausted.
You feel yourself slow down. The orc barely misses you.
You thump the ogre!
The ogre is heavily wounded.
The ogre completely misses you. The orc hits you but does no damage.
You barely miss the ogre.
The ogre is heavily wounded.
The ogre closely misses you. The orc barely misses you.
The orc hits you from afar with a +0 trident!
You die...

▓+▓
▓.▓
▓.▓
▓.▓
▓o▓
▓O▓
▓@▓
▓.▓
▓.▓
▓.▓
▓.▓
▓.▓
▓†▓
▓.▓
▓.▓


You could see an ogre and an orc.

Vanquished Creatures
  An ice beast (D)
  An iguana (D)
  An orc (D)
  3 ball pythons (D)
  An endoplasm (D)
  A quokka (D)
8 creatures vanquished.

Notes
Turn   | Place    | Note
-------+----------+-------------------------------------------
     0 | D        | Amaterasu the Troll Warper began the quest for the Orb.
     0 | D        | Reached XP level 1. HP: 19/19 MP: 1/1
     8 | D        | Reached skill level 2 in Maces & Flails
    17 | D        | Banished a spatial maelstrom
    18 | D        | Reached skill level 3 in Maces & Flails
    24 | D        | Noticed an ogre
    24 | D        | Noticed an iguana
    24 | D        | Noticed an ice beast
    29 | D        | Killed an ice beast
    30 | D        | Reached skill level 6 in Maces & Flails
    30 | D        | Reached XP level 2. HP: 26/33 MP: 2/2
    30 | D        | Reached XP level 3. HP: 31/40 MP: 3/3
    30 | D        | Reached XP level 4. HP: 38/49 MP: 4/4
    32 | D        | Reached skill level 5 in Fighting
    32 | D        | Reached skill level 7 in Maces & Flails
    43 | D        | Slain by an orc

Illustrated notes

Levels and vault maps discovered:
D:        linesprint [early_d, line_temple, items_1, d_10, items_2, lair_1,
          lair_end, items_3, orc_1, orc_end, items_4, d_15, swamp_1, shoals_1,
          snake_1, spider_1, d_20, vaults_1, items_5, swamp_end, shoals_end,
          snake_end, spider_end, vaults_end, d_27, items_6, zot_1, zot_end,
          crypt_end, forest_end, elf_end, slime_end, tomb_end, abyss_end,
          pan_hell_end]

Skill      XL: |  1  2  3  4 |
---------------+-------------+-----
Fighting       | 4 5 |  5.1
Maces & Flails | 6 7 |  7.2
Throwing       | |  0.8
Dodging        | |  1.9
Spellcasting   | |  1.2
Translocations | |  2.1

Action                     |  1- 3 |  4- 6 || total
---------------------------+-------+-------++-------
  Melee: Mace              |    18 |    13 ||    31
    Use: Potion            |     1 |       ||     1
 Armour: Robe              |    10 |     8 ||    18
  Dodge: Dodged            |     9 |     5 ||    14
